Pittsburgh Penguins vs Anaheim Ducks
(R1)
Created - Thursday, May 29, 2025 at 08:12
Goals
|
| Pittsburgh Penguins |
0 |
0 |
2 |
2 |
| Anaheim Ducks |
1 |
1 |
2 |
4 |
|
Shots
|
| Pittsburgh Penguins |
11 |
3 |
11 |
25 |
| Anaheim Ducks |
16 |
9 |
13 |
38 |
|
1st period
1. Anaheim Ducks , William Nylander 42 (John Tavares 52) at 7:31 (PP)
Penalties :
Blake Coleman (PIT) for Interference (Minor) at 7:00, Blake Coleman (PIT) for Holding (Minor) at 9:13
2nd period
2. Anaheim Ducks , Nazem Kadri 25 (William Nylander 59, John Tavares 53) at 15:47
Penalties :
Brenden Dillon (ANA) for Fighting (Major) at 0:14, Tage Thompson (PIT) for Fighting (Major) at 0:14, Leon Draisaitl (PIT) for Holding Stick (Minor) at 5:23, Brian Dumoulin (PIT) for Boarding (Minor) at 7:48, Tage Thompson (PIT) for Tripping (Minor) at 15:50
3rd period
3. Pittsburgh Penguins , Travis Sanheim 6 (Blake Coleman 22, Ryan O'Reilly 46) at 0:40 (PP)
4. Anaheim Ducks , Alexey Toropchenko 8 (Mason Marchment 17) at 5:39
5. Pittsburgh Penguins , Blake Coleman 19 (Mitchell Marner 60, Ryan O'Reilly 47) at 9:31
6. Anaheim Ducks , Brayden Schenn 41 (J.T. Compher 18) at 19:47 (Empty Net)
Penalties :
Alex Killorn (ANA) for Interference (Minor) at 0:19, James Reimer (ANA) for Delaying the game (Minor) at 3:25 - Mark Scheifele served the penalty, Carson Soucy (PIT) for Interference (Minor) at 11:52
Goalie Stats
John Gibson (PIT), 34 saves from 37 shots - (0.919), L, 30-31-6, 58:45 minutes
James Reimer (ANA), 23 saves from 25 shots - (0.920), W, 8-6-3, 60:00 minutes
Players Stats for Pittsburgh Penguins
Player Name G A P +/- PIM S H SB GA TA FO MP PP MP PK MP
------------------------------------------------------------------------------------
Adam Gaudette 0 0 0 0 0 0 1 0 0 0 0/0 8:13 0:00 0:39
Blake Coleman 1 1 2 0 4 3 0 2 0 0 0/0 15:13 1:14 0:00
Brian Dumoulin 0 0 0 -1 2 1 0 1 0 1 0/0 14:53 0:00 0:00
Carson Soucy 0 0 0 -1 2 0 1 0 0 1 0/0 14:50 0:00 0:00
Erik Gudbranson 0 0 0 -1 0 1 1 1 0 2 0/0 21:58 1:06 5:28
Erik Karlsson 0 0 0 0 0 0 0 1 0 3 0/0 23:13 1:14 4:58
Gabriel Vilardi 0 0 0 0 0 2 1 0 0 0 1/1 6:47 0:00 0:00
Jean-Gabriel Pageau 0 0 0 0 0 0 0 0 0 0 1/2 3:51 0:00 0:00
Jordan Eberle 0 0 0 -1 0 0 0 2 0 0 1/2 11:21 0:00 0:00
Leon Draisaitl 0 0 0 -1 2 2 1 0 0 0 9/17 19:51 1:06 4:05
Mattias Ekholm 0 0 0 0 0 0 2 1 0 1 0/0 23:13 1:14 4:58
Mitchell Marner 0 1 1 0 0 4 0 0 0 0 1/6 19:22 1:14 4:35
Pavel Buchnevich 0 0 0 -1 0 0 0 1 0 0 0/0 16:26 1:06 0:29
Phillip Danault 0 0 0 -1 0 2 2 0 0 1 2/5 16:28 0:00 0:00
Ryan O'Reilly 0 2 2 0 0 3 1 1 0 0 8/10 19:31 1:14 4:44
Sam Reinhart 0 0 0 -1 0 2 2 0 0 1 0/0 20:59 1:06 5:13
Tage Thompson 0 0 0 -1 7 4 0 1 0 0 5/13 11:20 0:00 1:07
Travis Sanheim 1 0 1 -1 0 1 0 1 0 1 0/0 21:58 1:06 5:28
Players Stats for Anaheim Ducks
Player Name G A P +/- PIM S H SB GA TA FO MP PP MP PK MP
------------------------------------------------------------------------------------
Alex Killorn 0 0 0 0 2 2 3 0 0 0 0/2 17:40 4:51 0:33
Alexandre Texier 0 0 0 0 0 0 1 0 0 0 0/0 11:27 0:54 0:17
Alexey Toropchenko 1 0 1 1 0 2 1 0 0 0 0/0 8:19 0:00 0:00
Brayden Schenn 1 0 1 0 0 1 1 0 3 0 0/1 19:32 5:34 1:30
Brenden Dillon 0 0 0 2 5 0 1 2 0 0 0/0 11:40 0:30 0:40
Chandler Stephenson 0 0 0 0 0 3 0 0 2 0 1/3 11:05 0:09 0:33
Esa Lindell 0 0 0 -1 0 2 0 0 0 0 0/0 24:20 3:52 1:40
Ivan Provorov 0 0 0 1 0 5 0 0 0 0 0/0 23:47 4:00 1:40
J.T. Compher 0 1 1 1 0 3 1 1 1 0 0/3 13:04 0:12 1:30
Jakob Chychrun 0 0 0 2 0 0 0 2 1 0 0/0 12:25 0:00 0:00
John Tavares 0 2 2 1 0 0 1 1 1 0 7/8 21:34 5:02 0:17
Joshua Morrissey 0 0 0 -1 0 1 2 2 1 0 0/0 25:23 6:19 0:40
Luke Evangelista 0 0 0 1 0 2 1 0 0 0 0/0 8:19 0:00 0:00
Mark Scheifele 0 0 0 -1 0 3 1 0 1 0 5/11 16:26 4:51 0:00
Mason Marchment 0 1 1 1 0 1 1 0 1 0 1/1 8:19 0:00 0:00
Morgan Rielly 0 0 0 1 0 3 2 0 0 0 0/0 22:13 6:11 0:00
Nazem Kadri 1 0 1 1 0 3 1 0 0 0 13/26 20:32 4:22 0:00
William Nylander 1 1 2 1 0 7 0 0 0 0 1/1 21:33 5:23 0:00
3 Stars
1 - William Nylander (ANA)
2 - John Tavares (ANA)
3 - Alexey Toropchenko (ANA)
Power Play
Pittsburgh Penguins - 1 on 2 Attempt(s) - 50.00%
Anaheim Ducks - 1 on 6 Attempt(s) - 16.67%
Penalty Kill
Pittsburgh Penguins - 5 on 6 Attempt(s) - 83.33%
- Score 0 goal in Penalty Kill
Anaheim Ducks - 1 on 2 Attempt(s) - 50.00%
- Score 0 goal in Penalty Kill
Team Stat
Pittsburgh Penguins - Hits : 12 - Faceoff Wins : 28 - Blocked Shots : 12 - Penalty Minutes : 17
Anaheim Ducks - Hits : 17 - Faceoff Wins : 28 - Blocked Shots : 8 - Penalty Minutes : 9
Official
Referees : Brian Pochmara and Jean Hebert
Linesman : Justin Johnson and Kyle Flemington
Game Notes
Brenden Dillon beats up Tage Thompson at 0:14 of 2nd period
Brayden Schenn has scored in a empty net!
Finance
Level 1 -- Attendance: 4363 (72.72%) -- Ticket Income $436,300
Level 2 -- Attendance: 4093 (81.86%) -- Ticket Income $245,580
Level 3 -- Attendance: 2070 (69.00%) -- Ticket Income $95,220
Level 4 -- Attendance: 3668 (73.36%) -- Ticket Income $91,700
Luxury Box -- Attendance: 798 (79.80%) -- Ticket Income $159,600
Game was played at the Honda Center.
Total Attendance: 14992 (74.96%)
Total Ticket Income: $1,028,400
Other Income: $359,940
Total Income: $1,388,340
Pittsburgh Penguins
5 vs 5 Forward
Center Left Wing Right Wing Time % Phy DF OF
1 Leon Draisaitl Pavel Buchnevich Sam Reinhart 30 1 2 2
2 Ryan O'Reilly Blake Coleman Mitchell Marner 30 1 2 2
3 Tage Thompson Phillip Danault Jordan Eberle 25 1 2 2
4 Phillip Danault Adam Gaudette Gabriel Vilardi 15 1 2 2
5 vs 5 Defense
Defense Defense Time % Phy DF OF
1 Mattias Ekholm Erik Karlsson 35 1 2 2
2 Erik Gudbranson Travis Sanheim 35 1 2 2
3 Carson Soucy Brian Dumoulin 30 1 2 2
4 Mattias Ekholm Erik Karlsson 0 1 2 2
PowerPlay Forward
Center Left Wing Right Wing Time % Phy DF OF
1 Leon Draisaitl Pavel Buchnevich Sam Reinhart 50 1 2 2
2 Ryan O'Reilly Blake Coleman Mitchell Marner 50 1 2 2
PowerPlay Defense
Defense Defense Time % Phy DF OF
1 Mattias Ekholm Erik Karlsson 50 1 2 2
2 Erik Gudbranson Travis Sanheim 50 1 2 2
Penalty Kill 4 Players Forward
Center Wing Time % Phy DF OF
1 Leon Draisaitl Sam Reinhart 50 1 2 2
2 Mitchell Marner Ryan O'Reilly 50 1 2 2
Penalty Kill 4 Players Defense
Defense Defense Time % Phy DF OF
1 Mattias Ekholm Erik Karlsson 50 1 2 2
2 Erik Gudbranson Travis Sanheim 50 1 2 2
Penalty Kill - 3 Players Forward
Forward Time % Phy DF OF
1 Leon Draisaitl 50 1 2 2
2 Sam Reinhart 50 1 2 2
Penalty Kill - 3 Players Defense
Defense Defense Time % Phy DF OF
1 Mattias Ekholm Erik Karlsson 50 1 2 2
2 Erik Gudbranson Travis Sanheim 50 1 2 2
4 vs 4 Forward
Center Wing Time % Phy DF OF
1 Leon Draisaitl Sam Reinhart 50 1 2 2
2 Mitchell Marner Ryan O'Reilly 50 1 2 2
4 vs 4 Defense
Defense Defense Time % Phy DF OF
1 Mattias Ekholm Erik Karlsson 50 1 2 2
2 Erik Gudbranson Travis Sanheim 50 1 2 2
Last Minutes Offensive
Center Left Wing Right Wing Defense Defense
Leon Draisaitl Pavel Buchnevich Sam Reinhart Mattias Ekholm Erik Karlsson
Last Minutes Defensive
Center Left Wing Right Wing Defense Defense
Leon Draisaitl Pavel Buchnevich Sam Reinhart Mattias Ekholm Erik Karlsson
Goaltenders
Starting : John Gibson
Backup : Jordan Binnington
Extra Forwards
Normal : Jean-Gabriel Pageau, Adam Gaudette, Tage Thompson - PP : Jean-Gabriel Pageau, Adam Gaudette - PK : Tage Thompson
Extra Defensemen
Normal : Carson Soucy, Brian Dumoulin, Erik Gudbranson - PP : Carson Soucy - PK : Brian Dumoulin, Erik Gudbranson
Penalty Shots
Leon Draisaitl, Sam Reinhart, Mitchell Marner, Ryan O'Reilly, Pavel Buchnevich
Scratches
None
Anaheim Ducks
5 vs 5 Forward
Center Left Wing Right Wing Time % Phy DF OF
1 Nazem Kadri John Tavares William Nylander 40 1 2 2
2 Mark Scheifele Brayden Schenn Alex Killorn 30 1 2 2
3 Chandler Stephenson J.T. Compher Alexandre Texier 20 1 2 2
4 Mason Marchment Alexey Toropchenko Luke Evangelista 10 1 2 2
5 vs 5 Defense
Defense Defense Time % Phy DF OF
1 Esa Lindell Joshua Morrissey 40 1 2 2
2 Ivan Provorov Morgan Rielly 35 1 2 2
3 Brenden Dillon Jakob Chychrun 25 1 2 2
4 Esa Lindell Ivan Provorov 0 1 2 2
PowerPlay Forward
Center Left Wing Right Wing Time % Phy DF OF
1 John Tavares Brayden Schenn William Nylander 60 1 1 3
2 Nazem Kadri Alex Killorn Mark Scheifele 40 1 1 3
PowerPlay Defense
Defense Defense Time % Phy DF OF
1 Morgan Rielly Joshua Morrissey 60 1 1 3
2 Ivan Provorov Esa Lindell 40 1 2 2
Penalty Kill 4 Players Forward
Center Wing Time % Phy DF OF
1 J.T. Compher Brayden Schenn 60 1 3 1
2 Chandler Stephenson Alex Killorn 40 1 3 1
Penalty Kill 4 Players Defense
Defense Defense Time % Phy DF OF
1 Esa Lindell Ivan Provorov 60 1 3 1
2 Joshua Morrissey Brenden Dillon 40 1 3 1
Penalty Kill - 3 Players Forward
Forward Time % Phy DF OF
1 J.T. Compher 60 1 4 0
2 Brayden Schenn 40 1 4 0
Penalty Kill - 3 Players Defense
Defense Defense Time % Phy DF OF
1 Esa Lindell Ivan Provorov 60 1 4 0
2 Joshua Morrissey Brenden Dillon 40 1 4 0
4 vs 4 Forward
Center Wing Time % Phy DF OF
1 John Tavares William Nylander 60 1 2 2
2 Nazem Kadri Brayden Schenn 40 1 2 2
4 vs 4 Defense
Defense Defense Time % Phy DF OF
1 Esa Lindell Joshua Morrissey 60 1 2 2
2 Morgan Rielly Ivan Provorov 40 1 2 2
Last Minutes Offensive
Center Left Wing Right Wing Defense Defense
Nazem Kadri John Tavares William Nylander Joshua Morrissey Morgan Rielly
Last Minutes Defensive
Center Left Wing Right Wing Defense Defense
J.T. Compher Alex Killorn Brayden Schenn Ivan Provorov Esa Lindell
Goaltenders
Starting : James Reimer
Backup : Linus Ullmark
Extra Forwards
Normal : William Nylander, John Tavares, Brayden Schenn - PP : Nazem Kadri, William Nylander - PK : J.T. Compher
Extra Defensemen
Normal : Esa Lindell, Morgan Rielly, Brenden Dillon - PP : Joshua Morrissey - PK : Esa Lindell, Ivan Provorov
Penalty Shots
Alexandre Texier, Brenden Dillon, Mark Scheifele, John Tavares, Brayden Schenn
Scratches
Josh Manson (Healthy)
% Time on Ice - Pittsburgh Penguins
Lines # - Real PCT - Wanted PCT - Time Play
Normal Forward
1 - 30% - 30% - 13:53
2 - 31% - 30% - 14:15
3 - 25% - 25% - 11:21
4 - 15% - 15% - 6:47
Normal Defense
1 - 35% - 35% - 16:03
2 - 33% - 35% - 15:24
3 - 32% - 30% - 14:49
4 - 0% - 0% - 0:00
PP Forward
1 - 47% - 50% - 1:06
2 - 53% - 50% - 1:14
PP Defense
1 - 53% - 50% - 1:14
2 - 47% - 50% - 1:06
PK Forward
1 - 51% - 50% - 5:18
2 - 49% - 50% - 5:08
PK Defense
1 - 48% - 50% - 4:58
2 - 52% - 50% - 5:28
PK3 Forward
1 - 0% - 50%
2 - 0% - 50%
PK3 Defense
1 - 0% - 50%
2 - 0% - 50%
44 Forward
1 - 0% - 50%
2 - 0% - 50%
44 Defense
1 - 0% - 50%
2 - 0% - 50%
Last Minute Offensive - 0:58
Last Minute Defensive - 0:00
Total
Forward - 60:00
Defense - 60:00
|
% Time on Ice - Anaheim Ducks
Lines # - Real PCT - Wanted PCT - Time Play
Normal Forward
1 - 35% - 40% - 16:03
2 - 25% - 30% - 11:30
3 - 22% - 20% - 10:23
4 - 18% - 10% - 8:19
Normal Defense
1 - 36% - 40% - 16:26
2 - 37% - 35% - 16:55
3 - 27% - 25% - 12:22
4 - 1% - 0% - 0:32
PP Forward
1 - 54% - 60% - 5:35
2 - 46% - 40% - 4:51
PP Defense
1 - 63% - 60% - 6:34
2 - 37% - 40% - 3:52
PK Forward
1 - 76% - 60% - 1:47
2 - 24% - 40% - 0:33
PK Defense
1 - 71% - 60% - 1:40
2 - 29% - 40% - 0:40
PK3 Forward
1 - 0% - 60%
2 - 0% - 40%
PK3 Defense
1 - 0% - 60%
2 - 0% - 40%
44 Forward
1 - 0% - 60%
2 - 0% - 40%
44 Defense
1 - 0% - 60%
2 - 0% - 40%
Last Minute Offensive - 0:00
Last Minute Defensive - 0:59
Total
Forward - 60:00
Defense - 60:00
|
Play-by-Play
1st period
0:01 of 1st period - Nazem Kadri wins face-off versus Leon Draisaitl in neutral zone.
0:33 of 1st period - Snap shot by Alex Killorn.
0:33 of 1st period - Stopped by John Gibson with a rebound.
0:35 of 1st period - Snap shot by Brayden Schenn.
0:35 of 1st period - Shot Misses the Net.
0:37 of 1st period - Slapshot by Esa Lindell.
0:37 of 1st period - Stopped by John Gibson without a rebound.
0:38 of 1st period - Chandler Stephenson wins face-off versus Tage Thompson in Pittsburgh Penguins zone.
0:43 of 1st period - Wrist shot by Chandler Stephenson.
0:43 of 1st period - Stopped by John Gibson with a rebound.
0:45 of 1st period - Snap shot by Alexandre Texier.
0:45 of 1st period - Shot Blocked by Jordan Eberle.
1:12 of 1st period - Slapshot by Mitchell Marner.
1:12 of 1st period - Shot Misses the Net.
1:28 of 1st period - Snap shot by Leon Draisaitl.
1:28 of 1st period - Shot Misses the Net.
1:34 of 1st period - Wrist shot by William Nylander.
1:34 of 1st period - Stopped by John Gibson without a rebound.
1:35 of 1st period - Phillip Danault wins face-off versus Mark Scheifele in Pittsburgh Penguins zone.
1:42 of 1st period - Snap shot by Phillip Danault.
1:42 of 1st period - Shot Blocked by Brenden Dillon.
1:44 of 1st period - Slapshot by Brian Dumoulin.
1:44 of 1st period - Shot Blocked by Brenden Dillon.
1:46 of 1st period - Snap shot by Phillip Danault.
1:46 of 1st period - Stopped by James Reimer without a rebound.
1:47 of 1st period - Tage Thompson wins face-off versus Nazem Kadri in Anaheim Ducks zone.
1:52 of 1st period - Wrist shot by Phillip Danault.
1:52 of 1st period - Shot Misses the Net.
2:20 of 1st period - Snap shot by Alex Killorn.
2:20 of 1st period - Shot Misses the Net.
2:48 of 1st period - Slapshot by Mason Marchment.
2:48 of 1st period - Shot Misses the Net.
3:04 of 1st period - Slapshot by Mitchell Marner.
3:04 of 1st period - Stopped by James Reimer with a rebound.
3:06 of 1st period - Wrist shot by Mitchell Marner.
3:06 of 1st period - Deflect By Blake Coleman.
3:06 of 1st period - Stopped by James Reimer without a rebound.
3:07 of 1st period - Gabriel Vilardi wins face-off versus Nazem Kadri in Anaheim Ducks zone.
3:18 of 1st period - Snap shot by Gabriel Vilardi.
3:18 of 1st period - Stopped by James Reimer without a rebound.
3:19 of 1st period - Ryan O'Reilly wins face-off versus Nazem Kadri in Anaheim Ducks zone.
3:26 of 1st period - Snap shot by Ryan O'Reilly.
3:26 of 1st period - Shot Misses the Net.
3:46 of 1st period - Travis Sanheim is hit by Joshua Morrissey and loses puck.
4:42 of 1st period - Slapshot by Mitchell Marner.
4:42 of 1st period - Stopped by James Reimer with a rebound.
5:00 of 1st period - Wrist shot by J.T. Compher.
5:00 of 1st period - Stopped by John Gibson with a rebound.
5:02 of 1st period - Wrist shot by Ivan Provorov.
5:02 of 1st period - Stopped by John Gibson with a rebound.
5:04 of 1st period - Wrist shot by Alexandre Texier.
5:04 of 1st period - Shot Blocked by Erik Gudbranson.
5:06 of 1st period - Snap shot by Chandler Stephenson.
5:06 of 1st period - Stopped by John Gibson with a rebound.
5:10 of 1st period - Backhand shot by J.T. Compher.
5:10 of 1st period - Shot Misses the Net.
5:12 of 1st period - Slapshot by Ivan Provorov.
5:12 of 1st period - Stopped by John Gibson without a rebound.
5:13 of 1st period - Nazem Kadri wins face-off versus Leon Draisaitl in Pittsburgh Penguins zone.
5:42 of 1st period - Slapshot by Mark Scheifele.
5:42 of 1st period - Stopped by John Gibson with a rebound.
5:44 of 1st period - Slapshot by Alex Killorn.
5:44 of 1st period - Shot Blocked by Erik Karlsson.
6:08 of 1st period - Snap shot by Tage Thompson.
6:08 of 1st period - Stopped by James Reimer without a rebound.
6:09 of 1st period - Nazem Kadri wins face-off versus Tage Thompson in Anaheim Ducks zone.
7:00 of 1st period - Minor Penalty to Blake Coleman for Interference.
7:01 of 1st period - John Tavares wins face-off versus Leon Draisaitl in Pittsburgh Penguins zone.
7:19 of 1st period - Icing by Joshua Morrissey.
7:20 of 1st period - John Tavares wins face-off versus Mitchell Marner in Anaheim Ducks zone.
7:31 of 1st period - Wrist shot by William Nylander.
7:31 of 1st period - Goal by William Nylander - Pittsburgh Penguins : 0 - Anaheim Ducks : 1.
7:32 of 1st period - Nazem Kadri wins face-off versus Phillip Danault in neutral zone.
8:03 of 1st period - Wrist shot by Alex Killorn.
8:03 of 1st period - Shot Misses the Net.
8:05 of 1st period - Wrist shot by Esa Lindell.
8:05 of 1st period - Stopped by John Gibson with a rebound.
8:07 of 1st period - Slapshot by Mark Scheifele.
8:07 of 1st period - Shot Misses the Net.
8:09 of 1st period - Wrist shot by Alex Killorn.
8:09 of 1st period - Stopped by John Gibson with a rebound.
8:23 of 1st period - Wrist shot by J.T. Compher.
8:23 of 1st period - Shot Misses the Net.
9:10 of 1st period - Slapshot by William Nylander.
9:10 of 1st period - Deflect By Nazem Kadri.
9:10 of 1st period - Deflect By Sam Reinhart.
9:10 of 1st period - Shot Misses the Net.
9:10 of 1st period - Puck is out of play.
9:11 of 1st period - Ryan O'Reilly wins face-off versus Alex Killorn in Pittsburgh Penguins zone.
9:13 of 1st period - Minor Penalty to Blake Coleman for Holding.
9:14 of 1st period - William Nylander wins face-off versus Leon Draisaitl in Pittsburgh Penguins zone.
9:53 of 1st period - Wrist shot by Mitchell Marner.
9:53 of 1st period - Stopped by James Reimer without a rebound.
9:54 of 1st period - John Tavares wins face-off versus Mitchell Marner in Anaheim Ducks zone.
11:13 of 1st period - Penalty to Blake Coleman is over, Blake Coleman is back on ice.
11:40 of 1st period - Carson Soucy is hit by Brenden Dillon and loses puck.
12:09 of 1st period - Wrist shot by Luke Evangelista.
12:09 of 1st period - Stopped by John Gibson with a rebound.
12:35 of 1st period - Mattias Ekholm is hit by Morgan Rielly and loses puck.
12:56 of 1st period - Wrist shot by William Nylander.
12:56 of 1st period - Deflect By John Tavares.
12:56 of 1st period - Shot Misses the Net.
12:56 of 1st period - Puck is out of play.
12:57 of 1st period - Mark Scheifele wins face-off versus Phillip Danault in Pittsburgh Penguins zone.
13:06 of 1st period - Wrist shot by Alex Killorn.
13:06 of 1st period - Shot Misses the Net.
13:33 of 1st period - Wrist shot by Sam Reinhart.
13:33 of 1st period - Shot Misses the Net.
13:35 of 1st period - Snap shot by Sam Reinhart.
13:35 of 1st period - Stopped by James Reimer without a rebound.
13:36 of 1st period - Ryan O'Reilly wins face-off versus Mark Scheifele in Anaheim Ducks zone.
13:43 of 1st period - Wrist shot by Blake Coleman.
13:43 of 1st period - Shot Misses the Net.
14:05 of 1st period - Snap shot by J.T. Compher.
14:05 of 1st period - Stopped by John Gibson with a rebound.
14:28 of 1st period - Ivan Provorov is hit by Mattias Ekholm and loses puck.
14:37 of 1st period - Snap shot by Sam Reinhart.
14:37 of 1st period - Shot Misses the Net.
15:32 of 1st period - Ivan Provorov is hit by Phillip Danault.
15:38 of 1st period - Slapshot by Chandler Stephenson.
15:38 of 1st period - Shot Blocked by Tage Thompson.
15:40 of 1st period - Wrist shot by J.T. Compher.
15:40 of 1st period - Shot Misses the Net.
15:42 of 1st period - Wrist shot by Alexandre Texier.
15:42 of 1st period - Shot Misses the Net.
15:44 of 1st period - Slapshot by Ivan Provorov.
15:44 of 1st period - Stopped by John Gibson with a rebound.
16:38 of 1st period - Jean-Gabriel Pageau is hit by Alexandre Texier and loses puck.
16:46 of 1st period - Icing by Adam Gaudette.
16:47 of 1st period - Jean-Gabriel Pageau wins face-off versus Nazem Kadri in Pittsburgh Penguins zone.
17:00 of 1st period - Wrist shot by Gabriel Vilardi.
17:00 of 1st period - Stopped by James Reimer without a rebound.
17:01 of 1st period - Leon Draisaitl wins face-off versus Nazem Kadri in Anaheim Ducks zone.
17:36 of 1st period - Wrist shot by Mitchell Marner.
17:36 of 1st period - Shot Blocked by Joshua Morrissey.
17:46 of 1st period - Carson Soucy is hit by Alex Killorn and loses puck.
18:10 of 1st period - Snap shot by Mitchell Marner.
18:10 of 1st period - Shot Misses the Net.
18:12 of 1st period - Slapshot by Brian Dumoulin.
18:12 of 1st period - Stopped by James Reimer without a rebound.
18:13 of 1st period - Nazem Kadri wins face-off versus Leon Draisaitl in Anaheim Ducks zone.
18:18 of 1st period - Slapshot by Nazem Kadri.
18:18 of 1st period - Shot Blocked by Mattias Ekholm.
18:20 of 1st period - Backhand shot by Nazem Kadri.
18:20 of 1st period - Stopped by John Gibson without a rebound.
18:21 of 1st period - Leon Draisaitl wins face-off versus Nazem Kadri in Pittsburgh Penguins zone.
19:36 of 1st period - Snap shot by Sam Reinhart.
19:36 of 1st period - Stopped by James Reimer without a rebound.
19:37 of 1st period - Mark Scheifele wins face-off versus Jordan Eberle in Anaheim Ducks zone.
Goals for this period are 0 for Pittsburgh Penguins vs 1 for Anaheim Ducks.
Shots for this period are 11 for Pittsburgh Penguins vs 16 for Anaheim Ducks.
2nd period
0:01 of 2nd period - Ryan O'Reilly wins face-off versus Nazem Kadri in neutral zone.
0:11 of 2nd period - Off-side.
0:12 of 2nd period - Nazem Kadri wins face-off versus Tage Thompson in neutral zone.
0:14 of 2nd period - Brenden Dillon beats up Tage Thompson.
0:14 of 2nd period - Penalty to Brenden Dillon for Fighting.
0:14 of 2nd period - Penalty to Tage Thompson for Fighting.
0:15 of 2nd period - Nazem Kadri wins face-off versus Jean-Gabriel Pageau in Pittsburgh Penguins zone.
0:56 of 2nd period - Wrist shot by Ryan O'Reilly.
0:56 of 2nd period - Stopped by James Reimer with a rebound.
1:26 of 2nd period - Mason Marchment is hit by Phillip Danault.
1:40 of 2nd period - Slapshot by William Nylander.
1:40 of 2nd period - Shot Blocked by Blake Coleman.
1:42 of 2nd period - Snap shot by Morgan Rielly.
1:42 of 2nd period - Shot Blocked by Blake Coleman.
1:48 of 2nd period - Wrist shot by William Nylander.
1:48 of 2nd period - Stopped by John Gibson with a rebound.
2:24 of 2nd period - Snap shot by Alexandre Texier.
2:24 of 2nd period - Shot Blocked by Pavel Buchnevich.
2:58 of 2nd period - Snap shot by Phillip Danault.
2:58 of 2nd period - Shot Blocked by Jakob Chychrun.
3:30 of 2nd period - Snap shot by Leon Draisaitl.
3:30 of 2nd period - Shot Misses the Net.
4:18 of 2nd period - Jakob Chychrun is hit by Erik Gudbranson and loses puck.
4:30 of 2nd period - Off-side.
4:31 of 2nd period - Nazem Kadri wins face-off versus Phillip Danault in neutral zone.
4:57 of 2nd period - John Tavares is hit by Ryan O'Reilly and loses puck.
5:23 of 2nd period - Minor Penalty to Leon Draisaitl for Holding Stick.
5:24 of 2nd period - John Tavares wins face-off versus Tage Thompson in Pittsburgh Penguins zone.
6:06 of 2nd period - Snap shot by Sam Reinhart.
6:06 of 2nd period - Shot Blocked by Joshua Morrissey.
6:18 of 2nd period - Snap shot by Mark Scheifele.
6:18 of 2nd period - Stopped by John Gibson with a rebound.
6:24 of 2nd period - Snap shot by Nazem Kadri.
6:24 of 2nd period - Shot Misses the Net.
6:26 of 2nd period - Wrist shot by Alex Killorn.
6:26 of 2nd period - Deflect By Mark Scheifele.
6:26 of 2nd period - Stopped by John Gibson without a rebound.
6:27 of 2nd period - John Tavares wins face-off versus Mitchell Marner in Pittsburgh Penguins zone.
7:23 of 2nd period - Penalty to Leon Draisaitl is over, Leon Draisaitl is back on ice.
7:32 of 2nd period - Snap shot by Phillip Danault.
7:32 of 2nd period - Shot Misses the Net.
7:48 of 2nd period - Minor Penalty to Brian Dumoulin for Boarding.
7:49 of 2nd period - Mitchell Marner wins face-off versus John Tavares in Pittsburgh Penguins zone.
9:48 of 2nd period - Penalty to Brian Dumoulin is over, Brian Dumoulin is back on ice.
10:47 of 2nd period - Morgan Rielly is hit by Mattias Ekholm and loses puck.
10:58 of 2nd period - Ivan Provorov is hit by Gabriel Vilardi and loses puck.
12:17 of 2nd period - Wrist shot by Mitchell Marner.
12:17 of 2nd period - Stopped by James Reimer without a rebound.
12:18 of 2nd period - Leon Draisaitl wins face-off versus Chandler Stephenson in Anaheim Ducks zone.
12:45 of 2nd period - Blake Coleman is hit by Alex Killorn and loses puck.
13:12 of 2nd period - Jordan Eberle is hit by Nazem Kadri.
13:56 of 2nd period - Wrist shot by Luke Evangelista.
13:56 of 2nd period - Stopped by John Gibson with a rebound.
13:58 of 2nd period - Wrist shot by Mason Marchment.
13:58 of 2nd period - Shot Misses the Net.
14:00 of 2nd period - Snap shot by Joshua Morrissey.
14:00 of 2nd period - Deflect By Mason Marchment.
14:00 of 2nd period - Shot Hit the Post.
14:00 of 2nd period - Puck is out of play.
14:01 of 2nd period - Nazem Kadri wins face-off versus Ryan O'Reilly in Pittsburgh Penguins zone.
14:10 of 2nd period - Slapshot by William Nylander.
14:10 of 2nd period - Stopped by John Gibson without a rebound.
14:11 of 2nd period - John Tavares wins face-off versus Ryan O'Reilly in Pittsburgh Penguins zone.
14:34 of 2nd period - Wrist shot by William Nylander.
14:34 of 2nd period - Stopped by John Gibson with a rebound.
14:36 of 2nd period - Snap shot by John Tavares.
14:36 of 2nd period - Shot Hit the Post.
14:38 of 2nd period - Wrist shot by Morgan Rielly.
14:38 of 2nd period - Shot Blocked by Ryan O'Reilly.
15:14 of 2nd period - Snap shot by Ryan O'Reilly.
15:14 of 2nd period - Stopped by James Reimer with a rebound.
15:35 of 2nd period - Slapshot by William Nylander.
15:35 of 2nd period - Shot Misses the Net.
15:37 of 2nd period - Snap shot by William Nylander.
15:37 of 2nd period - Shot Misses the Net.
15:39 of 2nd period - Wrist shot by Morgan Rielly.
15:39 of 2nd period - Stopped by John Gibson with a rebound.
15:41 of 2nd period - Snap shot by Morgan Rielly.
15:41 of 2nd period - Stopped by John Gibson with a rebound.
15:45 of 2nd period - Snap shot by John Tavares.
15:45 of 2nd period - Shot Blocked by Brian Dumoulin.
15:47 of 2nd period - Snap shot by William Nylander.
15:47 of 2nd period - Deflect By Nazem Kadri.
15:47 of 2nd period - Goal by Nazem Kadri - Pittsburgh Penguins : 0 - Anaheim Ducks : 2.
15:48 of 2nd period - Tage Thompson wins face-off versus Brayden Schenn in neutral zone.
15:50 of 2nd period - Minor Penalty to Tage Thompson for Tripping.
15:51 of 2nd period - Leon Draisaitl wins face-off versus Nazem Kadri in Pittsburgh Penguins zone.
15:59 of 2nd period - Joshua Morrissey is hit by Leon Draisaitl and loses puck.
17:10 of 2nd period - Joshua Morrissey is hit by Adam Gaudette.
17:50 of 2nd period - Penalty to Tage Thompson is over, Tage Thompson is back on ice.
18:11 of 2nd period - Tage Thompson is hit by Luke Evangelista and loses puck.
Goals for this period are 0 for Pittsburgh Penguins vs 1 for Anaheim Ducks.
Shots for this period are 3 for Pittsburgh Penguins vs 9 for Anaheim Ducks.
3rd period
0:01 of 3rd period - Leon Draisaitl wins face-off versus Mark Scheifele in neutral zone.
0:10 of 3rd period - Snap shot by Leon Draisaitl.
0:10 of 3rd period - Shot Misses the Net.
0:12 of 3rd period - Snap shot by Erik Gudbranson.
0:12 of 3rd period - Stopped by James Reimer without a rebound.
0:13 of 3rd period - Leon Draisaitl wins face-off versus Mark Scheifele in Anaheim Ducks zone.
0:19 of 3rd period - Minor Penalty to Alex Killorn for Interference.
0:20 of 3rd period - Leon Draisaitl wins face-off versus J.T. Compher in Anaheim Ducks zone.
0:29 of 3rd period - Snap shot by J.T. Compher.
0:29 of 3rd period - Stopped by John Gibson with a rebound.
0:31 of 3rd period - Slapshot by Ivan Provorov.
0:31 of 3rd period - Shot Misses the Net.
0:33 of 3rd period - Snap shot by J.T. Compher.
0:33 of 3rd period - Deflect By Brayden Schenn.
0:33 of 3rd period - Shot Misses the Net.
0:33 of 3rd period - Puck is out of play.
0:34 of 3rd period - Ryan O'Reilly wins face-off versus J.T. Compher in Pittsburgh Penguins zone.
0:34 of 3rd period - Ryan O'Reilly is hit by J.T. Compher.
0:40 of 3rd period - Slapshot by Travis Sanheim.
0:40 of 3rd period - Goal by Travis Sanheim - Pittsburgh Penguins : 1 - Anaheim Ducks : 2.
0:41 of 3rd period - Nazem Kadri wins face-off versus Leon Draisaitl in neutral zone.
0:44 of 3rd period - Wrist shot by William Nylander.
0:44 of 3rd period - Shot Blocked by Travis Sanheim.
0:48 of 3rd period - Snap shot by Nazem Kadri.
0:48 of 3rd period - Stopped by John Gibson with a rebound.
0:50 of 3rd period - Backhand shot by Joshua Morrissey.
0:50 of 3rd period - Stopped by John Gibson without a rebound.
0:51 of 3rd period - Nazem Kadri wins face-off versus Leon Draisaitl in Pittsburgh Penguins zone.
0:58 of 3rd period - Snap shot by Nazem Kadri.
0:58 of 3rd period - Deflect By Leon Draisaitl.
0:58 of 3rd period - Shot Misses the Net.
0:58 of 3rd period - Puck is out of play.
0:59 of 3rd period - Tage Thompson wins face-off versus Alex Killorn in Pittsburgh Penguins zone.
1:47 of 3rd period - Slapshot by Chandler Stephenson.
1:47 of 3rd period - Shot Misses the Net.
1:49 of 3rd period - Wrist shot by J.T. Compher.
1:49 of 3rd period - Shot Misses the Net.
2:17 of 3rd period - Wrist shot by Phillip Danault.
2:17 of 3rd period - Shot Misses the Net.
2:19 of 3rd period - Snap shot by Adam Gaudette.
2:19 of 3rd period - Shot Misses the Net.
2:31 of 3rd period - Mark Scheifele is hit by Sam Reinhart.
3:09 of 3rd period - Slapshot by Leon Draisaitl.
3:09 of 3rd period - Stopped by James Reimer without a rebound.
3:10 of 3rd period - Mark Scheifele wins face-off versus Tage Thompson in Anaheim Ducks zone.
3:17 of 3rd period - Snap shot by Tage Thompson.
3:17 of 3rd period - Stopped by James Reimer without a rebound.
3:18 of 3rd period - Mark Scheifele wins face-off versus Tage Thompson in Anaheim Ducks zone.
3:25 of 3rd period - Backhand shot by Tage Thompson.
3:25 of 3rd period - Deflect By Alex Killorn.
3:25 of 3rd period - Stopped by James Reimer without a rebound.
3:25 of 3rd period - Minor Penalty to James Reimer for Delaying the game.
3:26 of 3rd period - Ryan O'Reilly wins face-off versus J.T. Compher in Anaheim Ducks zone.
3:33 of 3rd period - Snap shot by Blake Coleman.
3:33 of 3rd period - Stopped by James Reimer with a rebound.
3:43 of 3rd period - Snap shot by Blake Coleman.
3:43 of 3rd period - Shot Misses the Net.
4:19 of 3rd period - Slapshot by Chandler Stephenson.
4:19 of 3rd period - Stopped by John Gibson without a rebound.
4:20 of 3rd period - Leon Draisaitl wins face-off versus Chandler Stephenson in Pittsburgh Penguins zone.
5:25 of 3rd period - Penalty to Mark Scheifele is over, Mark Scheifele is back on ice.
5:37 of 3rd period - Snap shot by Mason Marchment.
5:37 of 3rd period - Deflect By Luke Evangelista.
5:37 of 3rd period - Shot Misses the Net.
5:37 of 3rd period - Puck is out of play.
5:38 of 3rd period - Mason Marchment wins face-off versus Tage Thompson in Pittsburgh Penguins zone.
5:39 of 3rd period - Wrist shot by Alexey Toropchenko.
5:39 of 3rd period - Goal by Alexey Toropchenko - Pittsburgh Penguins : 1 - Anaheim Ducks : 3.
5:40 of 3rd period - Tage Thompson wins face-off versus Nazem Kadri in neutral zone.
5:52 of 3rd period - Icing by Joshua Morrissey.
5:53 of 3rd period - Tage Thompson wins face-off versus Nazem Kadri in Anaheim Ducks zone.
6:12 of 3rd period - Wrist shot by William Nylander.
6:12 of 3rd period - Stopped by John Gibson without a rebound.
6:13 of 3rd period - Mark Scheifele wins face-off versus Leon Draisaitl in Pittsburgh Penguins zone.
6:24 of 3rd period - Snap shot by Leon Draisaitl.
6:24 of 3rd period - Shot Misses the Net.
6:40 of 3rd period - Mattias Ekholm is hit by Joshua Morrissey and loses puck.
6:49 of 3rd period - Slapshot by Chandler Stephenson.
6:49 of 3rd period - Deflect By Leon Draisaitl.
6:49 of 3rd period - Shot Misses the Net.
6:49 of 3rd period - Puck is out of play.
6:50 of 3rd period - Nazem Kadri wins face-off versus Mitchell Marner in Pittsburgh Penguins zone.
7:26 of 3rd period - Snap shot by Tage Thompson.
7:26 of 3rd period - Shot Misses the Net.
8:11 of 3rd period - Snap shot by Mason Marchment.
8:11 of 3rd period - Deflect By Alexey Toropchenko.
8:11 of 3rd period - Stopped by John Gibson without a rebound.
8:12 of 3rd period - Jordan Eberle wins face-off versus Nazem Kadri in Pittsburgh Penguins zone.
9:07 of 3rd period - Off-side.
9:08 of 3rd period - Nazem Kadri wins face-off versus Tage Thompson in neutral zone.
9:15 of 3rd period - Slapshot by Morgan Rielly.
9:15 of 3rd period - Shot Blocked by Jordan Eberle.
9:25 of 3rd period - Snap shot by Jordan Eberle.
9:25 of 3rd period - Deflect By Tage Thompson.
9:25 of 3rd period - Stopped by James Reimer without a rebound.
9:26 of 3rd period - Ryan O'Reilly wins face-off versus Mark Scheifele in Anaheim Ducks zone.
9:31 of 3rd period - Snap shot by Blake Coleman.
9:31 of 3rd period - Goal by Blake Coleman - Pittsburgh Penguins : 2 - Anaheim Ducks : 3.
9:32 of 3rd period - Ryan O'Reilly wins face-off versus Nazem Kadri in neutral zone.
9:59 of 3rd period - Brayden Schenn is hit by Sam Reinhart and loses puck.
10:26 of 3rd period - Wrist shot by Jordan Eberle.
10:26 of 3rd period - Shot Blocked by J.T. Compher.
10:48 of 3rd period - Slapshot by Ryan O'Reilly.
10:48 of 3rd period - Stopped by James Reimer with a rebound.
11:28 of 3rd period - Icing by Adam Gaudette.
11:29 of 3rd period - Phillip Danault wins face-off versus Nazem Kadri in Pittsburgh Penguins zone.
11:52 of 3rd period - Minor Penalty to Carson Soucy for Interference.
11:53 of 3rd period - John Tavares wins face-off versus Mitchell Marner in Pittsburgh Penguins zone.
12:04 of 3rd period - Snap shot by William Nylander.
12:04 of 3rd period - Stopped by John Gibson with a rebound.
12:06 of 3rd period - Slapshot by Morgan Rielly.
12:06 of 3rd period - Stopped by John Gibson with a rebound.
12:44 of 3rd period - Slapshot by Erik Gudbranson.
12:44 of 3rd period - Shot Blocked by John Tavares.
13:02 of 3rd period - Mattias Ekholm is hit by Alex Killorn and loses puck.
13:52 of 3rd period - Penalty to Carson Soucy is over, Carson Soucy is back on ice.
14:21 of 3rd period - J.T. Compher is hit by Carson Soucy and loses puck.
14:42 of 3rd period - Snap shot by Sam Reinhart.
14:42 of 3rd period - Shot Misses the Net.
15:59 of 3rd period - Snap shot by Leon Draisaitl.
15:59 of 3rd period - Stopped by James Reimer with a rebound.
16:09 of 3rd period - Tage Thompson is hit by John Tavares and loses puck.
16:27 of 3rd period - Pavel Buchnevich is hit by Morgan Rielly and loses puck.
16:55 of 3rd period - Blake Coleman is hit by Mason Marchment and loses puck.
17:02 of 3rd period - Wrist shot by Mason Marchment.
17:02 of 3rd period - Stopped by John Gibson with a rebound.
17:04 of 3rd period - Slapshot by Ivan Provorov.
17:04 of 3rd period - Stopped by John Gibson with a rebound.
17:06 of 3rd period - Slapshot by Ivan Provorov.
17:06 of 3rd period - Stopped by John Gibson with a rebound.
17:26 of 3rd period - Wrist shot by Tage Thompson.
17:26 of 3rd period - Shot Misses the Net.
18:19 of 3rd period - Blake Coleman is hit by Alexey Toropchenko and loses puck.
18:32 of 3rd period - Pittsburgh Penguins, John Gibson is pulled from the net.
18:32 of 3rd period - Snap shot by Phillip Danault.
18:32 of 3rd period - Stopped by James Reimer with a rebound.
18:59 of 3rd period - Wrist shot by Leon Draisaitl.
18:59 of 3rd period - Shot Blocked by Jakob Chychrun.
19:15 of 3rd period - Wrist shot by Leon Draisaitl.
19:15 of 3rd period - Shot Misses the Net.
19:21 of 3rd period - Erik Karlsson is hit by Brayden Schenn.
19:47 of 3rd period - Snap shot by Brayden Schenn.
19:47 of 3rd period - Goal by Brayden Schenn - Pittsburgh Penguins : 2 - Anaheim Ducks : 4.
19:47 of 3rd period - John Gibson from Pittsburgh Penguins was sent back in the game.
19:48 of 3rd period - Leon Draisaitl wins face-off versus Mark Scheifele in neutral zone.
19:48 of 3rd period - Leon Draisaitl is hit by Mark Scheifele.
Goals for this period are 2 for Pittsburgh Penguins vs 2 for Anaheim Ducks.
Shots for this period are 11 for Pittsburgh Penguins vs 13 for Anaheim Ducks.
Back to the Top